AoeStats
← lahwy

Black Forest

509106493Analyzed
3v3 RM · 5d ago on Sep 25, 2026· 81m 52s· 6 players
Game mode
Random Map
Map size
Normal (6 player)
Population
200
Speed
Normal
Resources
Standard
Victory
Conquest
Starting age
Dark Age
Ending age
Imperial Age
RankedLock teamsTeams togetherTeam positionsShared explorationLock speedFull tech treeHidden civsTurbo modeCheats
Victory
Defeat
🇮🇳 Burmese · India
721
+16
🇮🇹 Jurchens · Italy
668
+18
🇵🇪 Danes · Peru
540
+24
🇨🇿 Vietnamese · Czechia
732
-20
🇨🇿 Romans · Czechia
724
-20
🇧🇷 Teutons · Brazil
681
-18
LangyMeister
10:13 Loom
14:36 Feudal Age
15:02 Double-Bit Axe
15:05 Horse Collar
20:56 Gold Mining
20:58 Stone Mining
23:39 Fletching
26:02 Castle Age
25:27 Stone Mining
29:49 Gold Shaft Mining
31:45 Heavy Plow
40:23 Imperial Age
38:09 Forging
38:05 Scale Barding Armor
39:28 Iron Casting
39:42 Caravan
40:46 Coinage
41:37 Bow Saw
42:05 Murder Holes
43:13 Wheelbarrow
45:26 Elite Centurion
51:08 Comitatenses
55:21 Chain Barding Armor
57:13 Blast Furnace
56:59 Plate Barding Armor
57:26 Bloodlines
57:24 Husbandry
lahwy
0:37 Loom
16:37 Feudal Age
26:52 Arson
26:52 Horse Collar
27:00 Double-Bit Axe
35:19 Castle Age
33:53 Gold Mining
33:53 Stone Mining
33:59 Fletching
34:10 Padded Archer Armor
35:23 Elite Skirmisher
36:08 Thumb Ring
36:09 Heavy Plow
36:23 Bow Saw
39:54 Bodkin Arrow
40:37 Stone Shaft Mining
40:36 Ballistics
41:46 Squires
42:50 Coinage
43:01 Caravan
44:31 Wheelbarrow
43:41 Town Watch
45:36 Coinage
45:06 Caravan
48:52 Imperial Age
46:46 Hand Cart
46:32 Town Patrol
47:51 Pikeman
49:17 Forging
49:07 Scale Mail Armor
49:34 Masonry
49:15 Heated Shot
49:21 Murder Holes
49:20 Guard Tower
49:13 Elite Fire Lancer
49:14 Halberdier
51:57 Chemistry
51:03 Siege Engineers
51:18 Chain Mail Armor
53:08 Iron Casting
53:03 Plate Mail Armor
52:59 Imperial Skirmisher
55:17 Leather Archer Armor
55:02 Bracer
55:30 Bombard Tower
55:49 Keep
60:59 Paper Money
60:00 Elite Rattan Archer
61:36 Ring Archer Armor
63:50 Crop Rotation
63:25 Chatras
Tegridade
0:44 Loom
15:15 Feudal Age
15:41 Double-Bit Axe
17:03 Wheelbarrow
18:46 Horse Collar
24:42 Castle Age
23:10 Gold Mining
23:54 Bloodlines
26:30 Forging
26:26 Scale Barding Armor
30:33 Bow Saw
31:52 Pikeman
32:55 Stone Mining
34:36 Scale Mail Armor
35:49 Fervor
37:05 Stone Shaft Mining
36:44 Heavy Plow
37:03 Hand Cart
42:34 Imperial Age
42:44 Cavalier
49:28 Halberdier
52:16 Elite Teutonic Knight
54:18 Iron Casting
53:59 Chain Mail Armor
55:53 Paladin
61:18 Plate Mail Armor
70:15 Squires
70:04 Gambesons
77:40 Elite Skirmisher
pratikmalusare99
0:58 Loom
16:04 Feudal Age
16:33 Horse Collar
16:58 Gold Mining
16:59 Stone Mining
21:15 Wheelbarrow
23:25 Castle Age
24:24 Wheelbarrow
25:06 Gold Shaft Mining
24:32 Heavy Plow
26:23 Squires
31:08 Town Watch
32:57 Town Patrol
33:57 Murder Holes
36:45 Hand Cart
37:02 Fletching
38:52 Manipur Cavalry
43:23 Imperial Age
43:33 Husbandry
43:44 Bloodlines
44:35 Conscription
43:44 Elite Arambai
46:50 Chemistry
46:12 Ballistics
46:02 Masonry
45:33 Treadmill Crane
47:27 Conscription
47:22 Cavalier
47:33 Cavalier
48:14 Pikeman
48:14 Man-at-Arms
48:40 Gambesons
54:24 Conscription
54:31 Fortified Wall
56:54 Crop Rotation
57:06 Howdah
56:49 Elite Battle Elephant
62:39 Scale Barding Armor
62:45 Forging
62:35 Scale Mail Armor
62:31 Bodkin Arrow
62:37 Padded Archer Armor
74:51 Caravan
74:41 Halberdier
75:08 Arson
75:44 Chain Mail Armor
lycandros
14:31 Feudal Age
15:09 Arson
15:20 Man-at-Arms
44:58 Castle Age
42:50 Loom
45:16 Double-Bit Axe
45:27 Gold Mining
46:41 Pikeman
54:48 Imperial Age
55:06 Husbandry
68:21 Wheelbarrow
68:36 Long Swordsman
69:03 Gambesons
69:22 Squires
70:38 Hand Cart
71:22 Halberdier
71:22 Two-Handed Swordsman
71:26 Elite Skirmisher
71:41 Light Cavalry
72:41 Bloodlines
75:30 Chemistry
74:24 Champion
75:41 Crossbowman
76:28 Thumb Ring
77:52 Elite Jomsviking
79:53 Elite Varangian Guard
xdoppiadx
0:36 Loom
12:41 Feudal Age
13:22 Double-Bit Axe
19:33 Castle Age
18:37 Horse Collar
20:06 Wheelbarrow
19:26 Gold Mining
19:27 Stone Mining
21:48 Bow Saw
21:51 Heavy Plow
22:28 Caravan
25:22 Gold Shaft Mining
28:05 Hand Cart
35:23 Imperial Age
32:41 Town Watch
33:12 Treadmill Crane
33:42 Masonry
33:55 Ballistics
34:27 Forging
34:17 Scale Mail Armor
34:22 Scale Barding Armor
34:08 Fletching
34:23 Scale Barding Armor
34:22 Padded Archer Armor
35:08 Stone Shaft Mining
35:06 Murder Holes
35:21 Fortified Wall
35:06 Murder Holes
35:21 Fortified Wall
36:23 Iron Casting
36:03 Chain Mail Armor
37:03 Crop Rotation
36:59 Chain Barding Armor
37:14 Coinage
36:54 Guilds
39:23 Two-Man Saw
40:08 Blast Furnace
39:03 Bodkin Arrow
39:23 Leather Archer Armor
39:03 Bodkin Arrow
38:53 Man-at-Arms
38:53 Pikeman
38:54 Elite Fire Lancer
39:39 Halberdier
40:39 Fortified Wall
40:33 Guard Tower
41:33 Conscription
41:10 Elite Steppe Lancer
43:25 Plate Barding Armor
43:55 Chemistry
42:41 Arrowslits
43:27 Architecture
43:40 Squires
43:26 Gambesons
43:26 Arson
43:46 Town Patrol
43:55 Bracer
44:42 Banking
44:58 Fortified Bastions
45:09 Thunderclap Bombs
45:44 Ring Archer Armor
45:21 Siege Engineers
45:53 Keep
46:02 Thunderclap Bombs
45:32 Capped Ram
45:34 Heavy Rocket Cart
46:10 Heavy Scorpion
46:11 Siege Ram
50:35 Elite Iron Pagoda
51:50 Hoardings
Connection lost

Rejoining the realm…

Still unreachable

The connection could not be restored.

Session expired

The server has moved on; the page needs a fresh start.